 Dungeon Crawl Stone Soup version 0.20.1-1-g8b1a95d (webtiles) character file.

875 Bareth the Cudgeler (level 7, 0/63 HPs)
             Began as a Troll Berserker on Dec 13, 2017.
             Was an Elder of Trog.
             Slain by a phantom (5 damage)
             ... on level 6 of the Dungeon.
             The game lasted 00:18:12 (4331 turns).

Bareth the Cudgeler (Troll Berserker)               Turns: 4331, Time: 00:18:13

Health: 0/63       AC:  5    Str: 25 (27) XL:     7   Next: 74%
Magic:  6/6        EV: 10    Int:  3 (5)  God:    Trog [****..]
Gold:   330        SH:  0    Dex: 11 (12) Spells: 6/6 levels left

rFire    . . .     SeeInvis .   j - +0 flail
rCold    . . .     Gourm    +   (no shield)
rNeg     . . .     Faith    .   b - +0 animal skin
rPois    .         Spirit   .   (helmet restricted)
rElec    .         Reflect  .   (no cloak)
rCorr    .         Harm     .   (gloves unavailable)
MR       .....     Rnd*Rage +   (boots unavailable)
Stlth    +.........             (no amulet)
Regen    0.6/turn               (no ring)
MPRegen  0.1/turn               (no ring)

@: lethally poisoned (0 -> 0), berserk cooldown, slowed, very slow
A: unfitting armour, claws 3, agile 1, berserk 1, clever 1, fast metabolism 3,
frail 1, gourmand, regeneration 1, shaggy fur 1, tough skin 2
a: Berserk, Trog's Hand, Brothers in Arms, Burn Spellbooks, Renounce Religion


You were on level 6 of the Dungeon.
You worshipped Trog.
Trog was greatly pleased with you.
You were not hungry.

You visited 1 branch of the dungeon, and saw 6 of its levels.

You collected 330 gold pieces.

Inventory:

Hand Weapons
 a - a +1 mace
 j - a +0 flail (weapon)
Armour
 b - a +0 animal skin (worn)
Wands
 g - a wand of lightning (4/15)
 q - a wand of confusion (35/48)
 r - a wand of iceblast (1/15)
Scrolls
 d - 7 scrolls of remove curse
 i - 5 scrolls of teleportation
 k - 3 scrolls of identify
 n - a scroll of enchant weapon
Potions
 f - 2 potions of heal wounds
 p - a potion of haste
Comestibles
 c - 6 bread rations
 l - 4 fruits
 o - 4 royal jellies


   Skills:
 + Level 4.7 Fighting
 * Level 7.2 Maces & Flails
 - Level 2.4 Dodging


You had 6 spell levels left.
You didn't know any spells.

Dungeon Overview and Level Annotations

Branches:
Dungeon (6/15)             Temple (0/1) D:5

Altars:
Ashenzari
Gozag
Hepliaklqana
Kikubaaqudgha
Sif Muna
Trog

Shops:
D:5 %

Annotations:
D:5 othur's ghost, novice GrBe


Innate Abilities, Weirdness & Mutations

You are too large for most types of armour.
You have claws for hands.
Your metabolism is lightning-fast.
You like to eat raw meat.
Your natural rate of healing is unusually fast.
You are covered in fur. (AC +1)
You have very tough skin. (AC +2)
You are agile. (Dex +2)
You tend to lose your temper in combat.
Your mind is acute. (Int +2)
You are frail. (-10% HP)


Message History

You are exhausted.
You feel yourself slow down.
A phantom is nearby!
The phantom blinks!
The phantom blinks!
A worker ant comes into view.
A worker ant is nearby!
The worker ant twitches its antennae in your direction.
You barely miss the worker ant. The worker ant bites you.
* * * LOW HITPOINT WARNING * * *
You are poisoned.
The worker ant poisons you! The worker ant bites you.
* * * LOW HITPOINT WARNING * * *
You sock the worker ant!
The worker ant is heavily wounded.
You feel sick.
The worker ant bites you but does no damage.
The phantom blinks!
The worker ant barely misses you.
You feel sick. The phantom hits you.
You die...

........ #.#.# #>###.####..<#
.......# #...# #.##..# ###..
.......###.### #..#.## ###
........##.# ###...##### ##
#......#..####.....##...####.
#...#..........##.##....<##..
..#.............###.#.........#
......#..##.....###.#........##
#.?..........W@.a............#
##.##.#.....####..#.##......##
..........# #.#.#.......#
##......W.# #...........##
#..?..#...# ##<.............
.......#...# #...........#...
#.#...#.....# #..........#####
......##..### #....>....##
..... .# #.........#


You could see a phantom and a worker ant.

Vanquished Creatures
  The ghost of soepske the Skirmisher, an amateur DsAK of Lugonu (D:3)
  A phantom (D:5)
  A centaur (D:5)
  A wyvern zombie (D:5)
  A scorpion (D:6)
  A bullfrog zombie (D:5)
  2 orc priests
  Ijyb (D:3)
  An orc wizard (D:3)
  5 worker ants
  A hound skeleton (D:4)
  A howler monkey skeleton (D:6)
  6 adders
  A shadow imp (D:6)
  An ooze (D:3)
  An adder zombie (D:6)
  A dart slug (D:1)
  6 leopard geckos
  16 orcs
  3 ball pythons
  8 bats
  6 goblins
  11 hobgoblins
  9 jackals
  2 quokkas (D:3)
  5 frilled lizards
  2 kobolds
  9 rats
104 creatures vanquished.

Vanquished Creatures (others)
  A centaur (D:6)
1 creature vanquished.

Grand Total: 105 creatures vanquished

Notes
Turn   | Place    | Note
-------+----------+-------------------------------------------
     0 | D:1      | Bareth the Troll Berserker began the quest for the Orb.
     0 | D:1      | Reached XP level 1. HP: 22/22 MP: 0/0
   102 | D:1      | Reached skill level 3 in Maces & Flails
   133 | D:1      | Reached XP level 2. HP: 29/29 MP: 1/1
   559 | D:2      | Found a shattered altar of Ashenzari.
   593 | D:2      | Reached XP level 3. HP: 33/36 MP: 2/2
   718 | D:2      | Reached ** piety under Trog
   813 | D:2      | Reached skill level 4 in Maces & Flails
   897 | D:2      | Reached XP level 4. HP: 35/45 MP: 3/3
  1395 | D:3      | Reached XP level 5. HP: 38/53 MP: 4/4
  1464 | D:3      | Reached *** piety under Trog
  1720 | D:3      | Noticed soepske's ghost (amateur DsAK)
  1722 | D:3      | Noticed Ijyb
  1724 | D:3      | Reached skill level 5 in Maces & Flails
  1964 | D:3      | Killed soepske's ghost
  1964 | D:3      | Reached XP level 6. HP: 62/62 MP: 5/5
  1966 | D:3      | Killed Ijyb
  2171 | D:4      | Found a hazy altar of Hepliaklqana.
  2439 | D:4      | Found an opulent altar of Gozag.
  2496 | D:4      | Reached skill level 6 in Maces & Flails
  2497 | D:4      | Reached **** piety under Trog
  2739 | D:4      | Found a bloodstained altar of Trog.
  2872 | D:4      | Found a deep blue altar of Sif Muna.
  3244 | D:4      | Gained mutation: You are frail. (-10% HP) [potion of mutation]
  3244 | D:4      | Gained mutation: You tend to lose your temper in combat. [potion of mutation]
  3244 | D:4      | Gained mutation: Your mind is acute. (Int +2) [potion of mutation]
  3244 | D:4      | Gained mutation: You are agile. (Dex +2) [potion of mutation]
  3291 | D:5      | Entered Level 5 of the Dungeon
  3353 | D:5      | Reached XP level 7. HP: 45/63 MP: 6/6
  3411 | D:5      | Found Zeiklye's Food Boutique.
  3456 | D:5      | Found an ancient bone altar of Kikubaaqudgha.
  3539 | D:5      | Found a staircase to the Ecumenical Temple.
  3657 | D:5      | Noticed othur's ghost (novice GrBe)
  3672 | D:5      | HP: 3/63 [othur's ghost (12)]
  3679 | D:5      | HP: 1/63 [othur's ghost (9)]
  3907 | D:5      | Reached skill level 7 in Maces & Flails
  4314 | D:6      | HP: 4/94 [phantom (7)]
  4331 | D:6      | Slain by a phantom

Skill      XL: |  1  2  3  4  5  6  7 |
---------------+----------------------+-----
Maces & Flails | 3 4 5 6 7 |  7.2
Fighting       | 3 4 |  4.7
Dodging        | |  2.4

Action                   |  1- 3 |  4- 6 |  7- 9 || total
-------------------------+-------+-------+-------++-------
Melee: Mace              |   105 |    76 |       ||   181
       Flail             |       |   122 |    80 ||   202
Invok: Berserk           |     2 |     4 |     3 ||     9
       Burn Spellbooks   |       |     3 |       ||     3
  Use: Scroll            |     5 |     4 |     1 ||    10
       Potion            |       |     8 |     2 ||    10
 Stab: Sleeping          |     1 |     1 |       ||     2
  Eat: Chunk             |    16 |    20 |     1 ||    37
       Bread ration      |       |       |     2 ||     2
Armor: Animal skin       |    76 |    54 |    20 ||   150
Dodge: Dodged            |    95 |   125 |    41 ||   261
